 Dungeon Crawl Stone Soup version 0.24.0-125-gc4c63601f3 (webtiles) character file.

Game seed: 17607321002788364480, levelgen mode: deterministic

152 Johnny the Chiller (level 5, -4/38 HPs)
             Began as a Draconian Ice Elementalist on Mar 4, 2020.
             Slain by Sigmund
             ... wielding a +0 scythe
              (8 damage)
             ... on level 3 of the Dungeon.
             The game lasted 00:02:06 (2582 turns).

Johnny the Chiller (Draconian Ice Elementalist)     Turns: 2582, Time: 00:02:07

Health: -4/38      AC:  5    Str: 10    XL:     5   Next: 11%
Magic:  9/10       EV: 12    Int: 16    God:
Gold:   161        SH:  0    Dex: 12    Spells: 10/11 levels left

rFire    . . .     SeeInvis .   a - +0 short sword
rCold    . . .     Gourm    .   (no shield)
rNeg     . . .     Faith    .   (armour unavailable)
rPois    .         Spirit   .   (helmet restricted)
rElec    .         Reflect  .   (no cloak)
rCorr    .         Harm     .   (no gloves)
MR       .....                  (no boots)
Stlth    ++........             (no amulet)
HPRegen  0.12/turn              (no ring)
MPRegen  0.12/turn              (no ring)

@: no status effects
A: unfitting armour, cold-blooded, AC +5
a: no special abilities


You were on level 3 of the Dungeon.
You were hungry.

You visited 1 branch of the dungeon, and saw 3 of its levels.

You collected 161 gold pieces.

Inventory:

Hand Weapons
 a - a +0 short sword (weapon)
Scrolls
 e - 7 scrolls of identify {unknown}
 g - a scroll of magic mapping {unknown}
 h - 2 scrolls of remove curse {unknown}
 i - a scroll of enchant weapon {unknown}
 j - a scroll of amnesia {unknown}
Potions
 c - 2 potions of degeneration {unknown}
 d - 3 potions of curing
 f - a potion of haste {unknown}
 k - a potion of flight {unknown}
 l - 2 potions of lignification {unknown}
Comestibles
 b - 7 rations


   Skills:
 - Level 1.7 Dodging
 - Level 1.7 Stealth
 + Level 3.7 Spellcasting
   Level 1.0 Conjurations
 + Level 4.6 Ice Magic


You had 10 spell levels left.
You knew the following spells:

 Your Spells              Type           Power        Failure   Level  Hunger
a - Freeze                Ice            ###.         2%          1    None

Your spell library contained the following spells:

 Spells                   Type           Power        Failure   Level  Hunger
 Throw Frost              Conj/Ice       ##....       9%          2    ##.....
 Ozocubu's Armour         Chrm/Ice       ##......     21%         3    ###....
 Throw Icicle             Conj/Ice       ##......     47%         4    ####...
 Summon Ice Beast         Ice/Summ       ##......     54%         4    ####...


Dungeon Overview and Level Annotations

Branches:
Dungeon (3/15)

Altars:
Okawaru

Annotations:
D:3 Grinder, Sigmund


Innate Abilities, Weirdness & Mutations

Your plain brown scales are hard. (AC +5)
You cannot fit into any form of body armour.
You are cold-blooded and may be slowed by cold attacks.


Message History

Aim: Sigmund, wielding a +0 scythe and wearing a +0 robe
Okay, then.
It was a potion of curing.
You feel better.
Sigmund gestures wildly while chanting.
Sigmund flickers and vanishes!
Pain shoots through your body!
Casting: Freeze (safe; 2% risk of failure)
Confirm with . or Enter, or press ? or * to list all spells.
You can't see any susceptible monsters within range! (Use Z to cast anyway.) Firing (i - inventory) No suitable missiles.
Press: ? - help, Shift-Dir - straight line, f - you
Okay, then.
Casting: Freeze (safe; 2% risk of failure)
Confirm with . or Enter, or press ? or * to list all spells.
Aiming: Freeze (safe; 2% risk of failure)
Press: ? - help, Shift-Dir - straight line You freeze something.
Something hits you. x2; You writhe in agony.
Something hits you!
* * * LOW HITPOINT WARNING * * *
Something hits you!
You die...

### #.. #.# #.# #.# #.#
. #@####.... ##{.{......
##############...###.#..
##....................#
#...#...#######...#####
...###...## ##.##
..........# #.#
.#.).).#..# #.#
##.._..##.# #.#


There were no monsters in sight!

Vanquished Creatures
  An orc priest (D:3)
  An orc wizard (D:3)
  4 adders (D:2)
  A dart slug (D:1)
  A leopard gecko (D:2)
  An orc (D:3)
  7 bats
  3 giant cockroaches
  8 goblins
  8 hobgoblins
  8 kobolds
  A quokka (D:3)
  A ball python (D:2)
  2 frilled lizards
  10 rats
57 creatures vanquished.

Notes
Turn   | Place    | Note
-------+----------+-------------------------------------------
     0 | D:1      | Johnny the Draconian Ice Elementalist began the quest for
                  | the Orb.
     0 | D:1      | Reached XP level 1. HP: 14/14 MP: 3/3
   322 | D:1      | Reached XP level 2. HP: 20/20 MP: 5/5
   896 | D:1      | Reached XP level 3. HP: 16/26 MP: 7/7
  1409 | D:2      | Reached skill level 4 in Ice Magic
  1489 | D:2      | Reached XP level 4. HP: 22/33 MP: 5/8
  2337 | D:3      | Reached XP level 5. HP: 8/38 MP: 0/10
  2550 | D:3      | Found an iron altar of Okawaru.
  2569 | D:3      | Noticed Grinder
  2575 | D:3      | Noticed Sigmund
  2582 | D:3      | Slain by Sigmund

Levels and vault maps discovered:
D:1:      onia_arrival_mini_spirals, layout_basic, serial_bayou_lagoon_a,
          minmay_hexomino_u4
D:2:      layout_basic, minivault_11
D:3:      layout_loops_cross, okawaru_ov_weapons_minmay, uniq_grinder,
          uniq_ijyb, uniq_sigmund

Skill      XL: |  1  2  3 |
---------------+----------+-----
Spellcasting   | 3 |  3.7
Ice Magic      | 4 |  4.6
Dodging        | |  1.7
Stealth        | |  1.7
Conjurations   | |  1.0

Action                   |  1- 3 |  4- 6 || total
-------------------------+-------+-------++-------
Melee: Short sword       |   143 |    60 ||   203
       Tailslap          |    11 |     6 ||    17
 Cast: Freeze            |     9 |    15 ||    24
  Use: Potion            |       |     1 ||     1
 Stab: Sleeping          |     2 |     1 ||     3
  Eat: Chunk             |     2 |     3 ||     5
Armor: Skin              |    50 |    16 ||    66
Dodge: Dodged            |   106 |    47 ||   153
